 Dungeon Crawl Stone Soup version 0.19-a0-805-g0a78ef0 (webtiles) character file.

100 Stormbringer the Insei (level 4, 0/35 HPs)
             Began as a Mummy Monk on June 27, 2016.
             Slain by a worker ant (7 damage)
             ... on level 4 of the Dungeon.
             The game lasted 00:05:35 (3770 turns).

Stormbringer the Insei (Mummy Monk)                 Turns: 3770, Time: 00:05:35

Health: 0/35       AC:  0    Str: 14    XL:     4   Next: 46%
Magic:  4/4        EV: 13    Int:  9    God:
Gold:   73         SH:  0    Dex: 15    Spells: 0 memorised, 3 levels left

rFire  x . .     SeeInvis .       - Unarmed
rCold  + . .     Gourm    .     (no armour)
rNeg   + + +     Faith    .     (no shield)
rPois  ∞         Spirit   .     (no helmet)
rElec  .         Dismiss  .     (no cloak)
rCorr  .         Reflect  .     (no gloves)
SustAt .         Harm     .     (no boots)
MR     .....                    (no amulet)
Stlth  ++........               (no ring)
                                (no ring)

@: not resistant to hostile enchantments, unstealthy
A: no food or potions, fire vulnerability, cold resistance 1, negative energy
resistance 3, torment resistance, unbreathing
a: no special abilities


You were on level 4 of the Dungeon.
You were not hungry.

You visited 1 branch of the dungeon, and saw 4 of its levels.

You collected 73 gold pieces.


Innate Abilities, Weirdness & Mutations

You do not eat or drink.
Your flesh is vulnerable to fire.
You are immune to poison.
Your flesh is cold resistant. (rC+)
You are immune to negative energy. (rN+++)
You are immune to unholy pain and torment.
You can survive without breathing.


   Skills:
 - Level 3.0 Fighting
 + Level 3.0 Dodging
 - Level 1.5 Stealth
 - Level 4.0 Unarmed Combat


You had 3 spell levels left.
You didn't know any spells.

Inventory:

Missiles
 b - 35 poisoned needles (quivered)
Scrolls
 a - 4 scrolls of identify {unknown}
 c - a scroll of blinking {unknown}
 d - 2 scrolls of fog {unknown}
 e - 2 scrolls of remove curse {unknown}
 f - 2 scrolls of teleportation {unknown}
 g - a scroll of random uselessness {unknown}
 h - 2 scrolls of enchant armour {unknown}
 i - a scroll of fear {unknown}
 j - a scroll of noise {unknown}
 k - a scroll of recharging {unknown}

Dungeon Overview and Level Annotations

Branches:
Dungeon (4/15)
 Temple: D:4-7

Altars:
Okawaru

▒.▒▒
▒..▒....†......
▒ ▒▒.▒
▒▒...........▒▒▒
▒▒▒..▒
▒.......▒...▒▒
.▒▒.▒▒
▒......▒▒▒..▒
....▒ ▒▒....▒▒▒
▒.▒ ....▒
▒▒▒.....▒ ..▒
▒▒▒..▒ ......▒▒
.▒ ▒ ▒▒..▒
>▒▒..B▒▒ .▒
▒▒.... ▒..MB▒
▒▒▒....▒▒
▒..▒...▒
......▒▒
▒..▒▒▒..▒
......▒▒ ▒▒.▒▒
.... .......▒▒
▒..▒ ...
▒▒▒▒....▒▒ ▒..▒
.▒ ▒.....▒▒▒▒..▒
▒ ▒▒.......▒...▒
▒▒....▒▒▒.....▒


You could see a worker ant and a giant cockroach.


Message History

The helpless worker ant fails to defend itself!
You squash the worker ant like the proverbial ant!!!
The worker ant is heavily wounded!
The worker ant bites you!
You closely miss the worker ant!
The worker ant is heavily wounded!
The worker ant closely misses you!
You squash the worker ant but do no damage!
The worker ant is heavily wounded!
The worker ant bites you!
You barely miss the worker ant!
The worker ant is heavily wounded!
The worker ant bites you!
You are too injured to fight recklessly!!!
You are too injured to fight recklessly!!!
You are too injured to fight recklessly!!!
You squash the worker ant like the proverbial ant!
The worker ant is severely wounded!
The worker ant bites you!!! * * * don't die
* * * The giant cockroach bites you! * * * don't die
* * * The worker ant bites you! * * * don't die
* * * You barely miss the worker ant!
The worker ant is severely wounded!
The giant cockroach bites you! * * * don't die
* * * The worker ant bites you!!! rip

Action                   |  1- 3 |  4- 6 || total
-------------------------+-------+-------++-------
Melee: Unarmed           |   196 |    79 ||   275
       Punch             |     2 |       ||     2
 Stab: Sleeping          |     5 |     1 ||     6
Dodge: Dodged            |   118 |    37 ||   155

Vault maps used:
D:1:      dpeg_arrival_renting, hex_large
D:2:      minmay_close_crescents
D:3:      first_bread, okawaru_metal_pillars_1_2
D:4:      nrook_loot_triangle, hangedman_decor_clover_reticule,
          makhleb_altar_promises_db

Notes
Turn   | Place    | Note
--------------------------------------------------------------
     0 | D:1      | Stormbringer the Mummy Monk began the quest for the Orb.
     0 | D:1      | Reached XP level 1. HP: 18/18 MP: 1/1
   465 | D:1      | Reached XP level 2. HP: 19/24 MP: 2/2
   554 | D:1      | Reached skill level 3 in Unarmed Combat
  1151 | D:1      | Reached XP level 3. HP: 29/29 MP: 3/3
  1985 | D:2      | Reached skill level 4 in Unarmed Combat
  2189 | D:2      | Reached XP level 4. HP: 35/35 MP: 4/4
  2331 | D:2      | HP: 2/35 [adder (3)]
  2841 | D:3      | Found an iron altar of Okawaru.
  3520 | D:3      | Reached skill level 3 in Dodging
  3770 | D:4      | Slain by a worker ant

Vanquished Creatures
  An adder (D:2)
  3 worms (D:2)
  2 dart slugs
  4 giant geckos
  4 orcs (D:3)
  6 giant cockroaches
  9 goblins
  6 hobgoblins
  2 jackals (D:3)
  6 kobolds
  2 quokkas (D:2)
  8 bats
  4 giant newts
  11 rats
68 creatures vanquished.
